[Event "2nd Late Dr Abul K C Chess-ch B 2022"]
[Site "Dhaka"]
[Date "2022.07.06"]
[Round "6.2"]
[White "Abdullah Al, Raison"]
[Black "Md, Azmaeen Parvez Sayor"]
[Result "0-1"]
[ECO "C24"]
[WhiteElo "1888"]
[BlackElo "1924"]
[Annotator "TA"]
[PlyCount "54"]
[EventDate "2022.07.03"]
[EventCountry "BAN"]
[SourceTitle "playchess.com"]
[Source "ChessBase"]
[SourceQuality "1"]
[TimeControl "5400+30"]

1. e4 e5 2. Bc4 Nf6 3. d3 c6 4. Nf3 d5 5. Bb3 a5 {[%emt 0:00:09] Threatens to win with ...a4.} 6. a4 {[%emt 0:00:31] C24: Bishop's Opening: 2...Nf6.} ({Don't go for} 6. Nxe5 $2 a4 7. Bxd5 cxd5 8. exd5 Nxd5 $19) 6... Bb4+ 7. Bd2 (7. c3 Bd6 8. exd5) (7. c3 $5 Bd6 8. exd5 $11) 7... Bxd2+ (7... dxe4 8. dxe4 O-O) 8. Nbxd2 Nbd7 9. O-O O-O 10. Re1 Re8 11. h3 h6 {[%emt 0:00:41] [#]} 12. c3 $146 ({Predecessor:} 12. d4 exd4 13. exd5 Rxe1+ 14. Qxe1 cxd5 15. Nxd4 Nc5 16. Qe5 Be6 17. Nb5 Rc8 18. Re1 {½-½ (31) Tesic,Z (2376)-Ivanov,A (2498) ICCF email 2012}) 12... Re7 13. Nh4 Nc5 14. Bc2 dxe4 15. dxe4 Be6 16. Qe2 Rd7 17. Nhf3 Nh5 {[%emt 0:05:47] ...Nd3 is the strong threat.} 18. Red1 (18. g3) (18. g3 $1 $11) 18... Nf4 $36 {[%emt 0:01:54][%mdl 2048] Black has some pressure.} 19. Qe3 Ncd3 20. Rab1 Qf6 {[%emt 0:03:01][%cal Oe6h3] Strongly threatening ...Bxh3!} 21. Nf1 $1 Rad8 {[%emt 0:03:23][%cal Oe6h3] Hoping for ...Bxh3! Black is much more active.} 22. Ng3 {[%emt 0:00:02] [#]} (22. Kh2) (22. Kh2 $142) 22... g5 (22... Bxh3 23. gxh3 Nxh3+ 24. Kg2 Nhxf2 25. Bxd3 Nxd3) (22... Bxh3 $1 $17 23. gxh3 Nxh3+ 24. Kg2 Nhxf2 25. Bxd3 Nxd3) 23. Rd2 (23. Nh5 Qg6 24. Ng3) (23. Nh5 $11 {keeps the balance.} Qg6 24. Ng3) 23... b6 (23... g4 24. hxg4 Bxg4) (23... g4 $17 24. hxg4 Bxg4) 24. Rbd1 $2 (24. Nh5 $11 {and White has nothing to worry.} Nxh5 25. Rxd3) 24... Nxb2 $19 25. Rxd7 Rxd7 (25... Bxd7 $19 26. Rb1 Nc4) 26. Rd2 (26. Rxd7 $17 Nc4 27. Qe1 (27. Nh5 Nxh5 28. Qd3 Nf4 $17) 27... Bxd7 28. Nd2) 26... Rd4 $4 27. Rxd4 $2 ({White has to play} 27. cxd4 $18 Nc4 28. dxe5) 27... Bd7 $2 {[%emt 0:00:41][%mdl 40960] Weighted Error Value: White=0.85/Black=0.56. Loss on time!?} (27... exd4 28. Nxd4 Nc4) (27... exd4 $11 28. Nxd4 Nc4) 0-1

[Event "2nd Late Dr Abul K C Chess-ch B 2022"]
[Site "Dhaka"]
[Date "2022.07.06"]
[Round "6.3"]
[White "shafiqul, Islam"]
[Black "Anindya Singha, Argho"]
[Result "1/2-1/2"]
[ECO "A00"]
[WhiteElo "1907"]
[BlackElo "1812"]
[Annotator "TA"]
[PlyCount "115"]
[EventDate "2022.07.03"]
[EventCountry "BAN"]
[SourceTitle "playchess.com"]
[Source "ChessBase"]
[SourceQuality "1"]
[TimeControl "5400+30"]

1. b4 d5 2. Nf3 Bf5 3. e3 e6 4. Bb2 Nf6 5. c4 c6 6. a3 {[%emt 0:00:18] A00: Irregular Openings.} Be7 7. Nc3 O-O 8. d4 Nbd7 9. c5 Qc7 10. Bd3 Bxd3 (10... b6 {with more complications.} 11. O-O Bxd3 12. Qxd3 bxc5 13. bxc5 e5) 11. Qxd3 e5 12. dxe5 Nxe5 13. Nxe5 Qxe5 {[%emt 0:00:12] [#]} 14. O-O $146 (14. Rb1) (14. Rb1 $11) ({Predecessor:} 14. h3 Qg5 15. O-O Nd7 16. Ne2 a6 17. Ng3 Bf6 18. Bxf6 Nxf6 19. Qf5 Qxf5 20. Nxf5 {½-½ (50) Gottert,H-Korbela,L (2250) Sala 1994}) 14... Ng4 $17 15. g3 $2 (15. f4 Qxe3+ 16. Qxe3 Nxe3 17. Rfe1) (15. f4 $17 Qxe3+ 16. Qxe3 Nxe3 17. Rfe1) 15... Qh5 $1 $19 16. h4 {[%emt 0:00:49] [#]} Bxh4 $1 17. Kg2 {[%emt 0:04:45] [#]} (17. Qe2 Bg5) 17... Ne5 $2 (17... Bf6 18. Rh1 Qg6 19. Rad1) (17... Bxg3 18. Kxg3 (18. Rh1 Nxf2) 18... Ne5) ({Stronger than} 17... Bf6 18. Rh1 Qg6 19. Rad1 $19) (17... Bxg3 $1 $19 18. Kxg3 f5) 18. Qe2 $15 Qxe2 (18... Qg6 {keeps more tension.} 19. Nxd5 Qe4+ 20. Kh3 Qxd5 21. Bxe5 Qxe5 22. gxh4 Qc3) 19. Nxe2 Bf6 20. Rfd1 (20. b5 $11 {keeps the balance.}) 20... Rfe8 21. a4 Nd7 22. Bd4 a5 23. b5 Bxd4 (23... Rac8 $15) 24. Nxd4 $11 cxb5 25. Nxb5 {[%emt 0:02:10] Hoping for Nc7.} Rec8 {[%emt 0:00:00] Prevents Nc7.} (25... Nxc5 $2 26. Nc7 $18) 26. Nd6 Rxc5 27. Nxb7 Rc7 28. Nd6 Nf6 29. Rac1 {[%emt 0:02:55] Against Rc2} Rd7 30. Rc6 h6 31. f3 {[%emt 0:02:44][%mdl 1024] White has compensation.} Rb8 32. Nb5 Re8 33. Kf2 Re6 34. Rc8+ Kh7 35. Ra8 Rc6 36. Nd4 {[%emt 0:01:08] Against Rc2+} Rc5 37. Rb1 Re7 38. Rb2 g5 (38... h5 $11) 39. Rbb8 {[%emt 0:01:33] White is more active.} (39. Rb6 $16 Ne8 40. Rxh6+ $1 Kxh6 41. Nf5+ Kh7 42. Nxe7) 39... g4 (39... Rec7 $11 {remains equal.}) 40. Nf5 $2 (40. Rb6 $16 {keeps the pressure on.} Re8 41. Raa6) 40... Rc2+ 41. Ke1 Re5 42. Kd1 $2 {[%emt 0:02:18][%mdl 8192] [#]} (42. Nh4 $17 {is more resistant.}) 42... Rxf5 $1 $19 43. Kxc2 {[%emt 0:00:38] Threatens to win with fxg4.} gxf3 {[%emt 0:00:02][%mdl 4096] Endgame KRR-KRN} 44. Rb1 f2 45. Rf1 Ng4 46. Kd2 {[%emt 0:00:48] [#]} Nh2 $2 ({Black should try} 46... Re5 $1 $19 {...Kg7 is the strong threat.} 47. Rc8 (47. Rxa5 $2 Nxe3 48. Rxf2 Nc4+ 49. Kc3 Nxa5 $19) 47... Re4) 47. Ke2 $11 {[%emt 0:00:08] The position is equal.} Nxf1 48. Kxf1 {[%emt 0:00:09] KR-KR} d4 49. exd4 h5 50. Rb8 Kg6 51. Rb5 Rxb5 52. axb5 {[%emt 0:00:01] KP-KP} a4 53. b6 {[%emt 0:00:46] Intending b7 and mate.} a3 {[%emt 0:00:08] ( -> ...a2)} 54. b7 a2 55. b8=Q {[%emt 0:00:16] White threatens Qa7 and mate.} a1=Q+ 56. Kxf2 Qxd4+ 57. Kf3 Qd5+ 58. Kf2 {[%emt 0:02:52] Whites escaped into a draw.  Weighted Error Value: White=0.44/Black=0.28 (precise)} 1/2-1/2

[Event "2nd Late Dr Abul K C Chess-ch B 2022"]
[Site "Dhaka"]
[Date "2022.07.06"]
[Round "6.4"]
[White "Hasan, Sk. Rashedul"]
[Black "Dewan, Riad"]
[Result "0-1"]
[ECO "B10"]
[WhiteElo "1856"]
[BlackElo "1970"]
[Annotator "TA"]
[PlyCount "91"]
[EventDate "2022.07.03"]
[EventCountry "BAN"]
[SourceTitle "playchess.com"]
[Source "ChessBase"]
[SourceQuality "1"]
[TimeControl "5400+30"]

1. e4 c6 2. d3 d5 3. Nd2 g6 4. Ngf3 Bg7 5. Be2 Bg4 6. O-O {[%emt 0:00:34] B10: Caro-Kann: 2 d3 and 2 c4.} Nd7 7. h3 Bxf3 8. Nxf3 {[%emt 0:00:50] White is slightly better.} Qc7 9. c3 Ngf6 10. Qc2 O-O 11. Re1 {[%emt 0:00:05] [#]} Rad8 $146 ({Predecessor:} 11... Rfe8 12. Bf1 e5 13. Bd2 a5 14. a4 Bf8 15. b4 axb4 16. cxb4 Qd6 17. a5 h6 {1-0 (37) Tringov,G (2435)-Lechtynsky,J (2470) Kragujevac 1984}) 12. Bf1 dxe4 13. dxe4 e5 14. Be3 h6 15. a4 (15. Bxa7 c5 16. Qb3 g5 $19) 15... Nh5 16. a5 (16. Bxa7 b6 17. Bxb6 (17. g4 Nf4) 17... Nxb6) (16. Bxa7 b6 17. Bxb6 (17. g4 $2 Nf4 $17) 17... Nxb6 $15) 16... c5 17. Bc4 Nf4 18. Kh2 Rfe8 19. g3 Ne6 20. a6 b6 21. Bb5 Rf8 22. Nh4 Nb8 23. Qb3 Kh7 24. Bc4 Rfe8 25. Bd5 (25. Nf3) 25... Rd6 26. f4 (26. Nf3) (26. Nf3 $14) 26... exf4 $15 27. gxf4 Rxd5 28. Qxd5 $14 (28. exd5 Nxf4 29. Qc4 (29. d6 Qxd6 30. Ng2 Nd3+ 31. Kg1 Nxe1) 29... Rxe3 30. Rxe3 Nxd5+ 31. Rg3 Be5) (28. exd5 Nxf4 29. Qc4 (29. d6 $2 Qxd6 30. Kh1 Qc6+ 31. Kh2 c4 $19) 29... Rxe3 $1 30. Rxe3 Nxd5+ 31. Rg3 Be5 $15) 28... Nxf4 29. Qb7 Qd6 (29... Be5) (29... Be5 $14) 30. Rad1 $2 (30. Qxf7 Nd3+ 31. Kh1 Re7 $15) (30. e5 $1 $18 Qxe5 31. Nf3 (31. Qxf7 Nd3+ 32. Bf4 Qxf4+ $18)) 30... Nd3+ $17 {[%emt 0:00:00][%mdl 64] Discovered Attack, Double Attack. Pair of Knights!} 31. Kh1 $2 (31. Kg1 $17 Re7 32. Rxd3 Qg3+ 33. Ng2 Rxb7 34. axb7) 31... Qg3 $1 $19 32. Re2 Qxh4 33. Rxd3 {[%emt 0:00:19] [#] aiming for Bg1.} Qxh3+ $2 (33... Re7 $1 $19 34. Bg5 (34. Bf2 $2 Qh5 $19) 34... Qh5 35. Bxe7 Qxe2) 34. Kg1 $11 Qg3+ (34... c4 35. Rdd2 $17) 35. Kf1 $1 c4 36. Rd1 (36. Rdd2 $11 {and White is okay.}) 36... Qf3+ $19 37. Bf2 Qh1+ $2 (37... Be5 $1 $19 {White must now prevent ...Re6.} 38. Rd5 Bg3) 38. Bg1 $11 Qf3+ 39. Ke1 (39. Bf2 $1 $11 {was the only way to keep the balance.}) 39... Qh1 ({Black should try} 39... Be5 $1 $17 40. Rdd2 Nxa6 $1 ) 40. Kd2 {[%emt 0:01:05] Hoping for Bd4.} Qf3 (40... Rd8+ 41. Bd4 Qf3) 41. Rde1 {[%emt 0:04:17] Threatens to win with Kc1.} (41. Qd5 Be5 42. Qxc4) (41. Qd5 $5 Be5 42. Qxc4 $11) 41... Qd3+ 42. Kc1 {[%emt 0:00:02] Strongly threatening Bd4.} Rd8 {[%emt 0:03:01] Inhibits Bd4.} (42... Qd7 43. e5 $14 (43. Bh2 Be5 $11)) 43. Qxa7 {[%emt 0:04:14] [#]} Bxc3 $1 44. Qxf7+ Bg7 (44... Kh8 45. Be3 (45. bxc3 Qxc3+ 46. Kb1 Qb4+ 47. Ka2 Qa4+ 48. Kb2 Qb4+ 49. Kc2 Qb3+ 50. Kc1 Qc3+ 51. Kb1 Qb4+ 52. Kc2 Qb3+ 53. Kc1 Qc3+) 45... Nxa6 46. Qxg6 (46. bxc3 Qxc3+ 47. Kb1 Qb4+ 48. Kc2 Qb3+ 49. Kc1 Qc3+ 50. Kb1 Qb4+ 51. Kc2 Qb3+ 52. Kc1 Qc3+) (46. Rh2 Bxb2+ 47. Kxb2 Qb3+ 48. Kc1 Qc3+ 49. Kb1 Qb3+ 50. Rb2 Qd3+ 51. Ka1 Qa3+ 52. Kb1 Qd3+ 53. Rc2 Qb3+ 54. Kc1 Qa3+ 55. Kb1 Qb4+ 56. Ka2 Qa5+ 57. Kb2 Qb4+ 58. Ka2 Qb3+ 59. Ka1 Qa3+ 60. Kb1 Qb4+ 61. Ka2) 46... Bxb2+ 47. Kxb2 Qb3+ 48. Kc1 Qc3+ 49. Kb1 Qb3+ 50. Rb2 Qd3+ 51. Rc2 (51. Ka2 Nb4+ 52. Rxb4 Qc2+ 53. Ka3 Rd3+) 51... Qb3+ 52. Kc1 Qa3+ 53. Rb2 Qc3+ 54. Kb1 Qd3+ 55. Ka1 Qa3+ 56. Ra2 Qc3+ 57. Kb1 Qd3+ 58. Kb2 Qb3+ 59. Kc1 Qc3+ 60. Kb1 Qd3+ 61. Rc2 Qb3+ 62. Kc1 Qa3+ 63. Rb2 Qc3+ 64. Kb1 Qd3+) (44... Kh8 $11 45. Be3 (45. bxc3 Qxc3+ 46. Kb1 Qb4+ 47. Kc2 Qb3+ 48. Kc1 Qc3+ 49. Kb1 Qb4+ 50. Kc2 Qb3+ 51. Kc1 Qc3+ $11) 45... Nxa6 46. Qxg6 (46. bxc3 Qxc3+ 47. Kb1 Qb4+ 48. Kc2 Qb3+ 49. Kc1 Qc3+ 50. Kb1 Qb4+ 51. Kc2 Qb3+ 52. Kc1 Qc3+ $11) (46. Rh2 Bxb2+ 47. Kxb2 Qb3+ 48. Kc1 Qc3+ 49. Kb1 Qb4+ 50. Kc2 Qb3+ 51. Kc1 Qc3+ 52. Kb1 Qb4+ 53. Kc2 Qb3+ 54. Kc1 $11) 46... Bxb2+ 47. Kxb2 Qb3+ 48. Kc1 Qc3+ 49. Kb1 Qb3+ 50. Rb2 Qd3+ 51. Rc2 (51. Ka2 Nb4+ 52. Rxb4 Qc2+ 53. Ka3 Rd3+) 51... Qb3+ 52. Kc1 (52. Rb2 Qd3+ 53. Ka1 Qa3+ 54. Ra2 Qc3+ 55. Kb1 Qd3+ 56. Kb2 Qb3+ 57. Kc1 Qc3+ 58. Kb1 Qd3+ 59. Kb2 Qb3+ 60. Kc1 Qc3+ 61. Kb1 $11) 52... Qa3+ 53. Rb2 (53. Kb1 Qb3+ 54. Ka1 Qa3+ 55. Ra2 Qc3+ 56. Kb1 Qd3+ 57. Kb2 Qb3+ 58. Kc1 Qc3+ 59. Kb1 Qd3+ 60. Rc2 Qb3+ $11) 53... Qc3+ 54. Kb1 Qd3+ 55. Rc2 (55. Ka2 Nb4+ 56. Rxb4 Qc2+ 57. Ka3 Rd3+) 55... Qb3+ 56. Kc1 (56. Rb2 Qd3+ $11) 56... Qa3+ 57. Rb2 (57. Kb1 Qb3+ $11) 57... Qc3+ 58. Kb1 Qd3+) 45. a7 $2 ({Much worse is} 45. Bxb6 $6 Rd7 46. a7 Rxf7 $11) (45. Rg2 $1 $16 {and life is bright.} Kh8 46. Qf1 (46. Qxg6 Bxb2+ 47. Kxb2 Qb3+ 48. Ka1 Qc3+ 49. Ka2 Qb3+ 50. Ka1 Qc3+ 51. Ka2 Qb3+ 52. Ka1 $11) (46. Bxb6 c3 $18) 46... Nxa6 47. Qxd3 (47. Bxb6 Nb4 $17) 47... cxd3 48. Bxb6 Rc8+ 49. Kb1) 45... Nc6 $19 {[%emt 0:08:26] ( -> ...Na5). Really sharp!} 46. Rc2 $2 {[%emt 0:00:36] Black used his chance.  Weighted Error Value: White=0.69/Black=0.49} (46. Bxb6 {[#] leads to mate.} Nb4 $1) (46. Rg2 Ne5 47. Qc7 (47. Qb7 $2 c3 $19)) 0-1

[Event "2nd Late Dr Abul K C Chess-ch B 2022"]
[Site "Dhaka"]
[Date "2022.07.06"]
[Round "7.1"]
[White "Md, Azmaeen Parvez Sayor"]
[Black "Tutul, Dhar"]
[Result "0-1"]
[ECO "B15"]
[WhiteElo "1924"]
[BlackElo "1945"]
[Annotator "TA"]
[PlyCount "94"]
[EventDate "2022.07.03"]
[EventCountry "BAN"]
[SourceTitle "playchess.com"]
[Source "ChessBase"]
[SourceQuality "1"]
[TimeControl "5400+30"]

1. e4 c6 2. d4 d5 3. Nc3 dxe4 4. Nxe4 Nf6 5. Nxf6+ exf6 6. c3 Bd6 7. Bd3 O-O 8. Qc2 Re8+ 9. Ne2 g6 10. O-O {[%emt 0:00:35] B15: Caro-Kann: 3 Nc3: 3...g6 and 3...dxe4 4 Nxe4 Nf6 5 Nxf6+ exf6.} Nd7 (10... Na6 {seems wilder.} 11. Bh6 Nc7 12. Qd2 Ne6) 11. Bd2 (11. Bh6 {looks sharper.} Nf8 12. Rfe1 Bd7 13. h3) 11... Qc7 12. f4 (12. Ng3 $11) 12... f5 $15 13. c4 Nf6 {[%emt 0:03:57] [#]} 14. Rae1 $146 ({Predecessor:} 14. Nc3 Bd7 15. g3 Ng4 16. Rfe1 Rxe1+ 17. Rxe1 Re8 18. Rxe8+ Bxe8 19. Bf1 Qe7 20. Qd3 {0-1 (49) Woller,R-Wolke,H Mecklenburg VP 1999}) 14... a6 15. Qc1 Bd7 16. Nc3 b5 17. c5 ({Better is} 17. h3) 17... Bf8 18. Bc2 Be6 19. Nd1 Bg7 ({And not} 19... Bxa2 20. b3 $15) 20. b3 Bd5 21. Nf2 Rad8 {[%emt 0:05:15] Black is more active.} 22. Qa3 (22. Bc3 $17) 22... Ra8 $2 {[%emt 0:01:06] [#]} ({Black should play} 22... Nh5 $19 23. g3 Bxd4 24. Rxe8+ Rxe8) 23. Nd3 (23. Qc1 $1 $11 {and White stays safe.}) 23... Be4 24. Qb2 Bxd3 25. Bxd3 Nd5 26. g3 Qd7 27. Kg2 Nc7 28. Re5 $2 {[%emt 0:04:27] Now White is beyond hope.} (28. Bc3 $17) 28... Bxe5 $19 29. fxe5 Ne6 30. Be3 Nxc5 31. Be2 Ne4 32. Bf3 Re6 33. g4 Rd8 34. b4 f4 35. Bg1 Ng5 36. Qc1 (36. Qc3 {was worth a try.}) 36... Nxf3 37. Rxf3 g5 38. h4 h6 39. hxg5 (39. Qc2 $142 Qd5 40. Bf2) 39... hxg5 40. Rh3 Qd5+ 41. Kf1 Kg7 {[%emt 0:02:31] [#] And now ...Rh8 would win.} 42. Rh5 Qf3+ 43. Bf2 Qxg4 (43... Rxd4 $142 44. Rxg5+ Rg6 45. Rxg6+ fxg6 46. Qc2 Rd1+ 47. Qxd1 Qxd1+ 48. Be1 g5 49. Kf2 Qd3 50. Kg1 f3 51. Bg3 Qd1+ 52. Be1 Qxe1+ 53. Kh2 Qf2+ 54. Kh3 Qh4#) 44. Rh1 Qf3 45. Rg1 Rxd4 {[%emt 0:04:12] Black mates.} 46. Rxg5+ Rg6 47. Rxg6+ fxg6 {[%emt 0:00:10] Weighted Error Value: White=1.13/Black=0.46} 0-1

[Event "2nd Late Dr Abul K C Chess-ch B 2022"]
[Site "Dhaka"]
[Date "2022.07.06"]
[Round "7.2"]
[White "Shatadru Shovan, Dey"]
[Black "Ahmed, Feroz"]
[Result "0-1"]
[ECO "A01"]
[WhiteElo "1892"]
[BlackElo "1976"]
[Annotator "TA"]
[PlyCount "98"]
[EventDate "2022.07.03"]
[EventCountry "BAN"]
[SourceTitle "playchess.com"]
[Source "ChessBase"]
[SourceQuality "1"]
[TimeControl "5400+30"]

1. b3 e5 2. Bb2 Nc6 3. c4 g6 4. g3 Bg7 5. Bg2 Nge7 6. e3 {[%emt 0:00:10] A01: Nimzowitsch-Larsen Opening.} d5 7. d3 (7. Ne2 $11) 7... O-O (7... dxc4 $17 {Threatens to win with ...Nb4.} 8. bxc4 Nb4) 8. Ne2 $11 {[%emt 0:00:25] [#] Black has an edge.} dxc4 $146 ({Predecessor:} 8... Bg4 9. h3 Be6 10. a3 a5 11. Nd2 Qd7 12. Qc2 Rfd8 13. Rd1 {½-½ (13) Drazic,S (2345)-Petrusic,V (2128) Novi Sad 2020}) 9. bxc4 Nb4 10. Nc1 c5 11. O-O Bf5 12. e4 Be6 13. a3 Nbc6 14. Ne2 (14. Nc3 $11) 14... f5 $15 15. f4 fxe4 16. Bxe4 Bh3 17. Rf2 Qd7 18. Nd2 Nf5 19. Bd5+ Kh8 20. Ne4 Ne3 21. Bxc6 Qxc6 ({Much less strong is} 21... Nxd1 22. Bxd7 Nxf2 23. Bxh3 Nxd3 24. Bxe5 Nxe5 25. fxe5 $14) 22. Qd2 {[%emt 0:01:02] [#]} (22. Qb3 $15) 22... Nxc4 $1 $17 {[%emt 0:53:32][%mdl 512] Black is more active.} 23. dxc4 {[%emt 0:11:42] And now N2c3 would win.} Qxe4 24. Qd5 Qxd5 25. cxd5 Rfe8 26. fxe5 Bxe5 27. Nf4 Bd7 28. Rd1 c4 29. Rc1 Rac8 30. Bc3 (30. Re2 $142 c3 31. Ba1) 30... b5 31. Kg2 Kg8 32. Bb4 Ra8 33. Ba5 Bd6 34. a4 a6 35. Re2 Bg4 36. Ree1 Ba3 37. Rc2 Rxe1 38. Bxe1 Re8 39. Ba5 g5 40. Nh3 (40. Rc3 $142 b4 41. Bxb4 Bxb4 42. Rxc4) 40... Bf5 $19 41. Rd2 Be4+ 42. Kf1 Bd3+ {[%emt 0:00:00] A strong pair of Bishops.} 43. Kg2 Be4+ 44. Kf1 Bd3+ 45. Kg2 $1 Re5 {[%emt 0:00:02] Black is clearly winning.} 46. g4 Rxd5 47. Nf2 b4 {[%emt 0:01:12][%cal Bb5b4,Bb4b3][%mdl 32] [#] Hoping for ...Bf1+.} 48. Nxd3 cxd3 49. Bc7 b3 {[%emt 0:00:08] Weighted Error Value: White=0.62/Black=0.52} 0-1

[Event "2nd Late Dr Abul K C Chess-ch B 2022"]
[Site "Dhaka"]
[Date "2022.07.06"]
[Round "7.3"]
[White "Dewan, Riad"]
[Black "Abdullah Al, Raison"]
[Result "1/2-1/2"]
[ECO "E05"]
[WhiteElo "1970"]
[BlackElo "1888"]
[Annotator "TA"]
[PlyCount "135"]
[EventDate "2022.07.03"]
[EventCountry "BAN"]
[SourceTitle "playchess.com"]
[Source "ChessBase"]
[SourceQuality "1"]
[TimeControl "5400+30"]

1. d4 Nf6 2. c4 e6 3. g3 d5 4. Bg2 Be7 5. Nf3 O-O 6. O-O dxc4 7. Nbd2 c5 8. Nxc4 Nc6 9. dxc5 Bxc5 10. a3 a5 11. Qc2 Qe7 12. Bg5 {[%emt 0:00:00] E05: Open Catalan: 5 Nf3 Be7.} h6 13. Bxf6 Qxf6 {[%emt 0:00:03] [#]} 14. Ncd2 $146 (14. e3 $16) ({Predecessor:} 14. Rfd1 e5 15. Qc3 Nd4 16. Rd2 Nxf3+ 17. Qxf3 Qxf3 18. Bxf3 Re8 19. Rd5 e4 20. Bxe4 Bxf2+ 21. Kxf2 Rxe4 {½-½ (28) Sowa,R-Herman,D Phoenix 2015}) 14... Qe7 15. Rac1 Ba7 16. Nc4 ({White should try} 16. Rfd1 $14) 16... Rd8 (16... e5 $11) 17. Rfd1 $14 Rd5 18. e4 (18. e3 $14) 18... Nd4 (18... Rxd1+ $11 {keeps the balance.} 19. Qxd1 (19. Rxd1 e5 $11) 19... e5) 19. Nxd4 Rxd4 20. Nxa5 (20. e5 $16) 20... e5 21. Nb3 Rxd1+ 22. Qxd1 Be6 23. Nd2 Rd8 24. Qe2 Qd7 25. Nf3 f6 26. Bf1 Kh7 27. Qb5 Qxb5 28. Bxb5 Bg4 29. Rc3 Bxf3 (29... f5 {looks sharper.} 30. Nxe5 Rd1+ 31. Kg2 Bd4) 30. Rxf3 $11 {[%emt 0:00:00][%mdl 4096] Endgame KRB-KRB} Rd2 31. b3 Kg8 32. Bc4+ Kf8 33. Kf1 Ke7 (33... Bd4 $11) 34. h3 ({White should play} 34. Bd5 $14) 34... Bd4 35. g4 Rb2 36. a4 b6 37. Kg2 Ra2 38. h4 g5 39. hxg5 hxg5 {[%emt 0:00:01] The position is equal.} 40. Kf1 Ra1+ 41. Kg2 Ra2 42. Bd5 Rc2 43. Kf1 Rc1+ 44. Ke2 Rc2+ 45. Kd1 Rxf2 46. Rxf2 Bxf2 {[%emt 0:00:07] KB-KB} 47. b4 Kd6 48. Ke2 Bg1 49. Kd3 Bf2 50. Kc4 Be3 51. Kb5 Kc7 52. Be6 Bf2 53. Bf7 Be3 54. Kc4 Kd6 55. Be8 Bf2 56. Kb5 Kc7 57. Ka6 Be1 58. Kb5 Bf2 59. Kc4 Kd6 60. a5 bxa5 61. bxa5 Be3 62. Kb5 Kc7 63. Bc6 Bf2 64. Bd5 Be3 65. Bb3 Bf2 66. a6 Ba7 67. Kc4 Kd6 68. Ba4 {[%emt 0:01:00] Weighted Error Value: White=0.12 (very precise) /Black=0.10 (very precise)} 1/2-1/2

[Event "2nd Late Dr Abul K C Chess-ch B 2022"]
[Site "Dhaka"]
[Date "2022.07.06"]
[Round "7.4"]
[White "Md Nasir Uddin"]
[Black "Rahman, Saimon Siddiqur"]
[Result "1/2-1/2"]
[ECO "C02"]
[WhiteElo "1876"]
[BlackElo "1983"]
[Annotator "TA"]
[PlyCount "127"]
[EventDate "2022.07.03"]
[EventCountry "BAN"]
[SourceTitle "playchess.com"]
[Source "ChessBase"]
[SourceQuality "1"]
[TimeControl "5400+30"]

1. e4 e6 2. d4 d5 3. e5 c5 4. c3 Nc6 5. Nf3 Nge7 6. Bd3 Ng6 7. a3 {[%emt 0:00:00] C02: French: Advance Variation.} Be7 8. O-O (8. h4 $5) 8... Bd7 9. Re1 Qb6 10. Bc2 Rc8 11. g3 {[%emt 0:00:00] [#]} O-O $146 ({Predecessor:} 11... a5 12. Ra2 h6 13. Be3 cxd4 14. cxd4 Qa6 15. Nc3 Na7 16. Kh1 b5 17. Bxg6 fxg6 {1-0 (53) Pekarek,A (2040)-Fialka,A (1842) Bohumin 2020}) 12. Kg2 (12. Ra2 $11) 12... Rc7 (12... cxd4 $15 {stays ahead.} 13. cxd4 f6 14. Bxg6 hxg6) 13. h4 (13. dxc5 $1 $16 Qxc5 14. b4) 13... Rfc8 $2 (13... cxd4 $11 {and Black is okay.} 14. h5 Nh8) 14. Bd3 $2 ({White should play} 14. h5 $18) 14... cxd4 $15 15. cxd4 {[%emt 0:00:00] [#]} (15. h5 $15 Nf8 16. h6) 15... Na5 $2 (15... Ncxe5 $1 $19 16. Nc3 Nxf3 17. Qxf3 Qxd4) 16. Nc3 $11 Nb3 17. Ra2 a6 18. Be3 Na5 19. h5 Nf8 20. h6 {[%emt 0:00:00] Strongly threatening hxg7.} g6 21. Bg5 Be8 22. Qd2 {[%emt 0:00:00] Hoping for Bxe7.} Bxg5 (22... Nb3 $142 23. Qf4 Bxg5 24. Qxg5 f5) 23. Qxg5 $16 {[%emt 0:00:00] Threatening mate with Qf6.} Nd7 {[%emt 0:00:03] Inhibits Qf6.} 24. Qe7 (24. Bc2 $142) 24... Nc6 (24... Rc6 $142) 25. Qh4 Ncb8 26. Re2 Rc6 27. Ra1 Qd8 28. Qf4 {[%emt 0:00:00] 0x0.0019e9731139dp-1022s more active pieces.} b5 29. Rae1 Nb6 30. Na2 Qe7 31. Nh2 R6c7 32. Ng4 N8d7 33. Rc1 Rxc1 34. Nxc1 Na4 (34... Kh8 $16 35. Rc2 Rxc2 36. Bxc2 Nb8) 35. Nb3 $18 Ndb6 (35... Rc7 {was necessary.} 36. Qd2 Ndb6) 36. Na5 ({Don't play} 36. Nf6+ $6 Kh8 37. Nxe8 Rxe8 $18) 36... Nc4 {[#]} (36... Nd7 {was worth a try.} 37. Nb7 Rc6) 37. Nxc4 $2 (37. Nb7 $1 $18 ) 37... bxc4 $14 38. Bb1 Bc6 39. Qd2 Bb5 40. Re3 {[%emt 0:00:00] Against c3} Qg5 $2 (40... Nb6 $14) 41. f3 $2 (41. Nf6+ $18 Kh8 42. Qb4) 41... Qe7 42. Qc1 Rc6 43. Bc2 Nb6 44. Rc3 Rc8 45. Bd1 Nd7 (45... Qf8 $14) 46. b3 $16 {[%emt 0:00:00] aiming for a4.} a5 47. bxc4 Bxc4 48. Ba4 {[%emt 0:00:00] Black must now prevent Bxd7.} Nb6 49. Bb5 Rd8 (49... a4 $11) 50. Nf6+ Kh8 51. Qb2 (51. Bxc4 $16 dxc4 52. Ne4) 51... Bxb5 $2 (51... a4 $11) 52. Qxb5 $18 Nc4 {[%emt 0:00:01] [#]} 53. g4 (53. Ng4 $1 $18) 53... Nxa3 $2 (53... Qf8 $16 {is a better chance.} 54. g5 Rc8) 54. Qxa5 {[%emt 0:00:00] Intending Rc7 and mate.} Nc4 {[%emt 0:00:02] [#]} 55. Qa4 (55. Qc5 $1 $18 Qf8 56. Qxf8+ Rxf8 57. Rb3) 55... Nb6 $2 (55... Qf8 $16) 56. Qb5 Nc4 57. Rb3 (57. Qc5 $142 Qf8 58. Qxf8+ Rxf8 59. Kg3) 57... Qa7 (57... Qf8 $142) 58. Qb4 $2 (58. Qb7 $18 Qxd4 59. Qxf7 Qd2+ 60. Kg3 Qe1+ 61. Kh3 Qh1+ 62. Kg3 Qe1+ 63. Kg2 Qe2+ 64. Kh1 Qe1+ 65. Kh2 Qe2+ 66. Kh3 Qf1+ 67. Kh2 Qe2+ 68. Kh3 Qf1+ 69. Kg3 Qe1+) 58... Qxd4 $11 {[%emt 0:03:01] The position is equal.} 59. Qe7 Qd2+ 60. Kg3 $1 Qe1+ 61. Kh3 $1 {[%emt 0:00:00][%cal Re7d8] Dancing on a razor blade.} Qh1+ 62. Kg3 Qe1+ 63. Kh3 $1 Qh1+ 64. Kg3 {[%emt 0:00:00] White really could win this.  Weighted Error Value: White=0.49/Black=0.68} 1/2-1/2